Map: Frozen Temple

Players

JyoStar - Winner!

  • Race: Terran Terran
  • League: Grandmaster

Miszu

  • Race: Terran Terran
  • League: Master

VOD

Have the link to the VOD?

Description

Time

  • Played on: July 2, 2016, 5:55 p.m.
  • Length: 3:31
Show
View Real Time Build Order
Export as new Build Order

JyoStar Terran - Winner!

Build Orders:  

Get SALT Encoding   

  12  0:01  SCV  
  13  0:13  SCV  
  14  0:17  Supply Depot  
  14  0:25  SCV  
  15  0:39  SCV  
  15  0:42  Barracks  
  16  0:44  Refinery  
  16  0:51  SCV  
  17  1:04  SCV  
  18  1:16  SCV  
  19  1:34  Bunker  
  19  1:35  Marine  
  19  1:36  Orbital Command  
  20  1:40  Supply Depot  
  20  1:46  Factory  
  20  1:52  Refinery  
  20  1:53  Marine  
  21  2:01  SCV  
  22  2:12  Marine  
  22  2:14  Barracks  
  22  2:32  Factory Tech Lab  
  22  2:33  SCV  
  22  2:36  Marine  
  24  2:42  Bunker  
  24  2:50  Siege Tank  
  27  2:53  SCV  
  27  2:58  Marine  
  29  3:03  Barracks Tech Lab  
  29  3:07  SCV  
Show
View Real Time Build Order
Export as new Build Order

Miszu Terran 

Build Orders:  

Get SALT Encoding   

  12  0:01  SCV  
  13  0:13  SCV  
  14  0:19  Supply Depot  
  14  0:25  SCV  
  15  0:44  Barracks  
  15  0:52  Barracks  
  15  1:05  Barracks  
  15  1:30  Marine  
  16  1:33  Barracks  
  16  1:39  Marine  
  17  1:40  Supply Depot  
  17  1:48  Marine  
  17  1:51  Marine  
  19  1:57  Marine  
  20  2:06  Marine  
  21  2:09  Marine  
  21  2:14  Marine  
  23  2:24  Marine  
  23  2:27  Marine  
  25  2:31  Marine  
  25  2:32  Marine  
  27  2:41  Marine  
  28  2:45  Marine  
  28  2:49  Marine  
  28  2:50  Marine  
Tags
 
Add a new tag
Caveats
  • Supply blocks, unpowered buildings, or Contaminate may cause inaccurate times.
  • Supply counts are checked every 10 seconds.